Map: Blackpink LE

Players

Bunny - Winner!

  • Race: Terran Terran
  • Spawn Location: 7:00

Kelazhur

  • Race: Terran Terran
  • Spawn Location: 1:00

Event: IEM Season 12 - Katowice

VOD

Have the link to the VOD?

Description

Time

  • Played on: Feb. 27, 2018, 7:06 a.m.
  • Length: 13:36

All games in this series

Show
View Real Time Build Order
Export as new Build Order

Bunny Terran - Winner!

Build Orders: Gas First Reaper Expand, Reaper Expand, Mech 

Get SALT Encoding   

  12  0:00  SCV  
  13  0:13  SCV  
  14  0:17  Supply Depot  
  14  0:25  SCV  
  14  0:27  Refinery  
  15  0:39  SCV  
  16  0:44  Barracks  
  16  0:51  SCV  
  17  1:03  SCV  
  18  1:15  SCV  
  19  1:31  Reaper, Orbital Command  
  20  1:45  Command Center  
  20  1:55  Factory  
  20  1:59  SCV  
  21  2:04  Barracks Reactor  
  21  2:11  SCV  
  21  2:13  Supply Depot  
  22  2:18  Refinery  
  22  2:24  SCV  
  23  2:36  SCV  
  24  2:46  Hellion x2  
  24  2:48  SCV  
  29  2:56  Orbital Command  
  29  3:00  SCV  
  30  3:07  Cyclone x2  
  30  3:12  SCV  
  37  3:22  SCV  
  37  3:24  Supply Depot, SCV  
  39  3:34  SCV  
  40  3:36  SCV  
  40  3:39  Cyclone  
  44  3:45  Supply Depot  
  44  3:46  Cyclone, SCV  
  48  3:48  SCV  
  49  4:00  Command Center  
  49  4:01  SCV x2  
  51  4:13  SCV x2  
  48  4:21  Hellion x2  
  52  4:25  SCV x2  
  52  4:26  Refinery  
  52  4:27  Refinery  
  54  4:32  Factory  
  54  4:36  Factory  
  54  4:41  Barracks Tech Lab  
  54  4:42  Hellion x2  
  58  4:48  SCV x2  
  58  4:49  Supply Depot  
  60  4:54  Supply Depot  
  60  4:59  Starport  
  60  5:05  SCV x2  
  56  5:08  Barracks Reactor  
  56  5:14  Orbital Command  
  56  5:17  SCV x2  
  58  5:27  Factory Tech Lab, Armory  
  58  5:31  SCV x2  
  58  5:34  Siege Tank  
  63  5:36  Hellion  
  63  5:37  Hellion  
  63  5:38  Orbital Command  
  67  5:46  Supply Depot  
  67  5:47  Siege Tank  
  67  5:48  SCV  
  67  5:49  SCV  
  72  5:52  Viking  
  72  5:55  Viking  
  76  6:01  SCV x2  
  76  6:05  Hellion x2  
  76  6:06  SCV  
  76  6:08  Siege Tank  
  84  6:14  Infernal Pre-Igniter  
  84  6:19  Siege Tank  
  84  6:22  SCV x3  
  84  6:23  Engineering Bay  
  84  6:25  Supply Depot  
  90  6:26  Terran Vehicle Weapons Level 1  
  90  6:30  Hellion  
  90  6:31  Hellion  
  94  6:34  Refinery  
  94  6:35  SCV  
  94  6:36  Refinery  
  94  6:37  SCV x2  
  97  6:49  Factory  
  97  6:50  Supply Depot, Factory  
  98  6:54  SCV x3  
  98  6:56  Siege Tank  
  105  7:01  Hellion  
  105  7:02  Missile Turret  
  105  7:03  Hellion  
  105  7:07  Supply Depot  
  105  7:08  SCV x2  
  109  7:11  SCV  
  109  7:13  Siege Tank  
  113  7:19  Viking  
  113  7:22  Viking  
  117  7:33  Supply Depot, Armory  
  117  7:34  Factory Tech Lab  
  117  7:36  Missile Turret  
  114  7:38  Missile Turret, Factory Reactor  
  114  7:42  Sensor Tower  
  114  7:49  Viking  
  114  7:50  Siege Tank  
  119  7:52  Viking  
  119  7:54  SCV  
  119  7:55  Supply Depot x2  
  119  7:57  SCV  
  124  7:58  SCV  
  124  8:00  Siege Tank  
  127  8:07  Siege Tank  
  127  8:10  Hellbat  
  127  8:11  Hellbat  
  123  8:17  Hellbat x2  
  125  8:21  Terran Vehicle Weapons Level 2  
  125  8:22  Siege Tank  
  125  8:24  Supply Depot  
  128  8:29  Terran Vehicle And Ship Armor Level 1  
  128  8:33  Supply Depot, Hellion x3  
  126  8:34  Siege Tank  
  126  8:35  Hellbat x2  
  126  8:38  Hellbat  
  126  8:39  Hellion  
  133  8:43  Viking  
  133  8:45  Viking  
  129  8:49  Hellbat  
  129  8:52  Missile Turret  
  129  8:53  Supply Depot  
  131  8:56  Missile Turret  
  131  8:59  Siege Tank  
  131  9:02  Siege Tank  
  137  9:03  Hellion x2  
  141  9:17  Siege Tank  
  141  9:23  Hellion x2  
  148  9:27  Command Center  
  148  9:31  Siege Tank  
  148  9:32  Supply Depot  
  148  9:33  Viking  
  148  9:36  Missile Turret, Viking  
  158  9:38  Siege Tank  
  158  9:43  Hellion x2  
  162  9:50  Hellion x2  
  166  9:56  Liberator  
  166  10:00  Siege Tank  
  166  10:03  Siege Tank, Liberator  
  172  10:10  Supply Depot, Siege Tank  
  172  10:12  Sensor Tower  
  179  10:29  Hellion  
  179  10:32  Hellion  
  179  10:35  Supply Depot, Siege Tank x2  
  186  10:39  Hellion x2  
  191  10:54  Hellion x2  
  198  11:02  Hellion  
  195  11:11  Viking x2  
  181  11:18  Thor x2  
  178  11:30  Thor  
  184  11:46  Viking x2  
  164  11:59  Hellion x3  
  168  12:03  Thor x2  
  171  12:12  Planetary Fortress  
  171  12:13  Refinery  
  171  12:14  Refinery  
  171  12:15  Missile Turret, Starport  
  160  12:21  Thor  
  170  12:22  Hellion  
  170  12:23  Hellion x3  
  170  12:29  Viking  
  174  12:32  Viking  
  173  12:46  Thor  
  179  12:54  Hellion x2  
  179  12:55  Hellion x2  
Show
View Real Time Build Order
Export as new Build Order

Kelazhur Terran 

Build Orders: Reaper Expand, MMM Bio 

Get SALT Encoding   

  12  0:00  SCV  
  13  0:12  SCV  
  14  0:17  Supply Depot  
  14  0:25  SCV  
  15  0:39  SCV, Barracks  
  16  0:43  Refinery  
  16  0:51  SCV  
  17  1:03  SCV  
  18  1:15  SCV  
  19  1:27  Reaper  
  19  1:29  Orbital Command  
  20  1:47  Command Center  
  20  1:56  SCV  
  20  1:59  Marine  
  22  2:06  Factory  
  22  2:08  SCV  
  23  2:16  Supply Depot  
  23  2:19  Barracks Reactor  
  23  2:32  Refinery  
  23  2:37  SCV  
  24  2:51  Hellion  
  26  2:53  SCV  
  26  2:56  Marine, Starport  
  26  2:57  Marine  
  29  3:00  Orbital Command  
  29  3:03  Supply Depot  
  29  3:05  SCV  
  30  3:14  Marine x2  
  30  3:17  Cyclone, SCV  
  30  3:19  Orbital Command  
  36  3:29  SCV  
  36  3:34  Marine x2  
  41  3:42  SCV  
  41  3:44  Starport Tech Lab  
  41  3:46  SCV  
  41  3:51  Marine  
  41  3:52  Cyclone, Marine  
  41  3:54  Supply Depot  
  46  3:56  SCV  
  46  3:58  SCV  
  48  4:08  SCV  
  48  4:09  Marine x2  
  50  4:10  SCV  
  51  4:20  SCV  
  51  4:21  Raven  
  51  4:22  SCV  
  51  4:24  Supply Depot  
  51  4:27  Marine x2  
  53  4:32  SCV  
  53  4:34  SCV  
  53  4:43  Command Center  
  53  4:44  SCV  
  54  4:46  SCV  
  54  4:49  Bunker, Marine x2  
  57  4:54  Cyclone  
  57  4:56  SCV  
  61  5:00  SCV  
  61  5:01  Engineering Bay  
  60  5:08  SCV  
  60  5:13  Barracks  
  61  5:16  Barracks  
  61  5:19  SCV  
  62  5:21  SCV  
  62  5:23  Marine  
  62  5:24  Stimpack  
  62  5:25  Starport Reactor  
  62  5:27  Terran Infantry Weapons Level 1  
  64  5:30  Refinery  
  64  5:31  Supply Depot, SCV, Refinery  
  64  5:33  SCV, Factory Tech Lab  
  66  5:41  Marine  
  67  5:43  SCV  
  67  5:45  SCV  
  69  5:53  Siege Tank  
  69  5:55  SCV  
  69  5:56  Barracks x2  
  74  5:58  SCV, Orbital Command  
  74  5:59  Marine  
  74  6:01  Marine x2  
  77  6:09  SCV  
  77  6:10  Marine x2  
  80  6:11  Starport Reactor  
  80  6:17  Supply Depot, Marauder  
  82  6:20  SCV  
  82  6:21  Supply Depot  
  82  6:22  SCV  
  84  6:26  Orbital Command  
  84  6:30  Siege Tank  
  84  6:31  Marine  
  84  6:32  Marine x3  
  90  6:33  SCV  
  90  6:34  SCV  
  90  6:36  Supply Depot  
  93  6:43  Barracks Tech Lab x2, Marauder  
  93  6:46  SCV  
  96  6:49  SCV  
  96  6:52  SCV  
  96  6:53  Marine  
  96  6:54  Marine x3  
  99  6:55  Medivac x2  
  99  6:58  SCV  
  99  7:01  SCV  
  106  7:02  Combat Shields  
  106  7:03  Marauder  
  106  7:04  SCV  
  106  7:06  Marauder  
  111  7:10  Supply Depot  
  111  7:11  SCV  
  111  7:12  Supply Depot  
  112  7:15  Marine, Refinery  
  112  7:16  Marine x2  
  112  7:18  Marauder  
  117  7:25  Marine  
  116  7:30  Siege Tank  
  116  7:31  Medivac  
  116  7:32  Medivac  
  116  7:33  Marine  
  116  7:34  Marauder  
  116  7:35  Marauder  
  116  7:36  Marine x2  
  127  7:39  Marine  
  127  7:41  Supply Depot  
  127  7:43  SCV x3  
  131  7:48  Terran Infantry Armor Level 1  
  131  7:52  Armory, Refinery  
  131  7:55  Marauder  
  131  7:56  Command Center  
  133  7:59  Supply Depot  
  133  8:02  SCV  
  133  8:07  Marauder  
  133  8:08  Marauder  
  133  8:09  Siege Tank  
  118  8:14  Medivac  
  118  8:16  SCV, Marine x2  
  118  8:17  Marine, Marauder  
  122  8:24  Marine  
  122  8:25  SCV x2  
  125  8:28  SCV, Marauder  
  125  8:30  Marauder  
  130  8:35  Marine x2  
  130  8:38  Marauder  
  130  8:40  Marine  
  134  8:42  Viking  
  134  8:44  Viking  
  134  8:46  Terran Ship Weapons Level 1  
  138  8:49  Starport x2  
  138  8:51  Supply Depot  
  138  9:04  SCV x3  
  138  9:07  Marine x2, Marauder x3  
  138  9:08  Marine  
  150  9:10  Supply Depot  
  150  9:14  Supply Depot  
  150  9:16  Refinery  
  150  9:17  Supply Depot  
  149  9:18  Viking x2  
  146  9:26  Marine x3  
  146  9:28  Marauder x3  
  155  9:32  Viking x2  
  159  9:42  Terran Infantry Weapons Level 2  
  159  9:45  Marine x3  
  161  9:54  Planetary Fortress  
  161  9:56  SCV  
  161  9:57  SCV x2, Refinery  
  163  10:00  Viking x2  
  167  10:09  SCV x3  
  167  10:10  Viking x2  
  167  10:12  Supply Depot  
  168  10:26  Marine x2, Marauder  
  169  10:29  Marine  
  169  10:30  Viking x2  
  169  10:31  Liberator x2  
  173  10:38  Marauder  
  173  10:39  Siege Tank, Marine x2  
  181  10:44  Marine x2  
  181  10:47  Marine x2  
  184  10:57  Marine  
  184  10:58  Marauder  
  184  10:59  Marine  
  185  11:06  Marine, Marauder  
  185  11:10  Viking x2  
  183  11:11  Marine  
  183  11:12  Marine  
  183  11:17  Marauder  
  177  11:19  Marauder  
  177  11:20  Orbital Command  
  167  11:34  Missile Turret  
  167  11:37  Liberator x2  
  164  11:44  Liberator  
  158  11:53  Marauder  
  147  11:54  Viking  
  146  12:07  Liberator  
  133  12:09  Marine  
  133  12:10  Marine x2, Marauder  
  133  12:14  Marine x2, Marauder  
  119  12:20  Liberator x2  
  119  12:25  SCV x3  
  119  12:26  Liberator  
  119  12:27  Marine x2  
  119  12:28  Marine  
  128  12:30  Siege Tank, Marine  
  128  12:32  Marine x2  
  128  12:35  Marine  
  135  12:37  SCV  
  145  12:45  Marine x2  
  147  12:58  Refinery  
  147  12:59  Supply Depot  
  147  13:00  Supply Depot, Marauder x2  
  148  13:11  Supply Depot x2  
  148  13:12  Supply Depot  
  148  13:16  SCV x2  

Tags
 
Add a new tag
Caveats
  • Supply blocks, unpowered buildings, or Contaminate may cause inaccurate times.
  • Supply counts are checked every 10 seconds.